 Dungeon Crawl Stone Soup version 0.23-b1-51-gfe822ef6ca (webtiles) character file.

Game seed: 8878133541043232051

54 Revguard the Conjurer (level 3, -10/19 HPs)
             Began as a Deep Elf Conjurer on Feb 4, 2019.
             Mangled by an ogre
             ... wielding a cursed +0 giant club
              (13 damage)
             ... on level 2 of the Dungeon.
             The game lasted 00:06:15 (1314 turns).

Revguard the Conjurer (Deep Elf Conjurer)           Turns: 1314, Time: 00:06:16

Health: -10/19     AC:  2    Str:  5    XL:     3   Next: 66%
Magic:  1/9        EV: 13    Int: 19    God:
Gold:   135        SH:  0    Dex: 19    Spells: 2/8 levels left

rFire    . . .     SeeInvis +   (no weapon)
rCold    . . .     Gourm    .   (no shield)
rNeg     . . .     Faith    .   a - +0 robe
rPois    .         Spirit   .   (no helmet)
rElec    .         Reflect  .   (no cloak)
rCorr    .         Harm     .   (no gloves)
MR       .....                  (no boots)
Stlth    ++........             (no amulet)
HPRegen  0.06/turn              b - ring of see invisible
MPRegen  0.11/turn              j - +3 ring of dexterity

@: no status effects
A: no striking features
a: no special abilities


You were on level 2 of the Dungeon.
You were hungry.

You visited 1 branch of the dungeon, and saw 2 of its levels.

You collected 135 gold pieces.

Inventory:

Armour
 a - a +0 robe (worn)
Jewellery
 b - a ring of see invisible (left hand)
 j - a +3 ring of dexterity (right hand)
Wands
 k - a wand of polymorph (5)
Scrolls
 f - a scroll of immolation {unknown}
 g - a scroll of magic mapping {unknown}
 i - a scroll of fear {unknown}
 l - a scroll of enchant weapon {unknown}
 n - a scroll of fog {unknown}
Potions
 d - 3 potions of brilliance {unknown}
 e - a potion of mutation {unknown}
 h - 2 potions of curing {unknown}
Comestibles
 c - 5 rations
 m - a chunk of flesh


   Skills:
 + Level 2.7 Dodging
 + Level 2.8 Stealth
 + Level 3.4 Spellcasting
 + Level 5.4 Conjurations


You had 2 spell levels left.
You knew the following spells:

 Your Spells              Type           Power        Failure   Level  Hunger
a - Magic Dart            Conj           ###.         1%          1    None
b - Searing Ray           Conj           ###...       2%          2    ##.....
c - Dazzling Spray        Conj/Hex       ##....       14%         3    ###....

Your spell library contained the following spells:

 Spells                   Type           Power        Failure   Level  Hunger
 Iskenderun's Mystic Bla  Conj           ###.....     16%         4    ####...
 Force Lance              Conj/Tloc      ##......     43%         4    ####...
 Fulminant Prism          Conj/Hex       ##........   43%         4    ####...


Dungeon Overview and Level Annotations

Branches:
Dungeon (2/15)

Altars:
Yredelemnul


Message History

The searing ray hits the ooze.
You kill the ooze! (Press . to maintain the ray.)
You are feeling hungry.
The searing ray misses the ogre.
The ogre closely misses you.
The searing ray hits the ogre!
The ogre is severely wounded.
The ogre hits you with a cursed +0 giant club!
Ouch! That really hurt!
* * * LOW HITPOINT WARNING * * *
Casting: Searing Ray (safe; 2% risk of failure)
Confirm with . or Enter, or press ? or * to list all spells.
Aiming: Magic Dart (safe; 1% risk of failure)
Press: ? - help, Shift-Dir - straight line, f/p - ogre
Aim: an ogre, wielding a +0 giant club (severely wounded)
The magic dart hits the ogre.
The ogre is severely wounded.
The ogre hits you with a cursed +0 giant club!
Ouch! That really hurt!
You die...

######### #........ ####
#......... #... #.........#
#... #.........# #...
#.........# ##...
#.........###....
###..........##.###
###.@O............###
#...##..........#....
#######.####..........####.
#........# #.%........#....
#........# ########........
#........# ##............
#.(......#####..####.....<.
#............†.#####.......
#########.#.#### ..........


You could see an ogre.

Vanquished Creatures
  An ooze (D:2)
  A worm (D:2)
  3 dart slugs
  A giant cockroach (D:2)
  2 goblins (D:2)
  4 hobgoblins (D:1)
  4 jackals (D:1)
  5 kobolds (D:1)
  A quokka (D:2)
  5 bats
  6 frilled lizards
  8 rats
41 creatures vanquished.

Notes
Turn   | Place    | Note
-------+----------+-------------------------------------------
     0 | D:1      | Revguard the Deep Elf Conjurer began the quest for the Orb.
     0 | D:1      | Reached XP level 1. HP: 10/10 MP: 6/6
   155 | D:1      | Reached XP level 2. HP: 15/15 MP: 2/8
   159 | D:1      | Learned a level 2 spell: Searing Ray
   227 | D:1      | Reached skill level 5 in Conjurations
   675 | D:1      | Reached XP level 3. HP: 16/19 MP: 6/9
  1121 | D:2      | Learned a level 3 spell: Dazzling Spray
  1203 | D:2      | Found a basalt altar of Yredelemnul.
  1273 | D:2      | Noticed an ogre
  1314 | D:2      | Mangled by an ogre

Skill      XL: |  1  2 |
---------------+-------+-----
Conjurations   | 5 |  5.4
Dodging        | |  2.7
Stealth        | |  2.8
Spellcasting   | |  3.4

Action                   || total
-------------------------++-------
Melee: Unarmed           ||     6
 Cast: Magic Dart        ||    60
       Searing Ray       ||     6
       Dazzling Spray    ||     3
  Eat: Chunk             ||     1
Armor: Robe              ||     4
Dodge: Dodged            ||    13
